 Dungeon Crawl Stone Soup version 0.31-a0-949-g57150269e1 (webtiles) character file.

Game seed: 4794116043543129336

6328 skwerlee the Basher (level 10, -4/91 HPs)
             Began as a Minotaur Berserker on Oct 22, 2023.
             Was an Elder of Trog.
             Slain by a skeletal warrior
             ... wielding a +0 dire flail
              (20 damage)
             ... on level 10 of the Dungeon.
             The game lasted 00:31:41 (9691 turns).

skwerlee the Basher (Minotaur Berserker)            Turns: 9691, Time: 00:31:42

Health: -4/91      AC: 14    Str: 26    XL:     10   Next: 64%
Magic:  9/9        EV: 10    Int: 10    God:    Trog [****..]
Gold:   509        SH:  0    Dex: 10    Spells: 9/9 levels left

rFire   + . .        q - +5 flail (protect)
rCold   . . .        (no shield)
rNeg    . . .        o - +0 chain mail
rPois   .            (helmet restricted)
rElec   .            (no cloak)
rCorr   .            e - +1 pair of gloves
SInv    .            (no boots)
Will    .....        A - amulet of regeneration Stlth
                     i - +6 ring of intelligence
HPRegen 1.15/turn    y - ring of protection from fire
MPRegen 0.11/turn

%: no passive effects
@: no status effects
A: horns 2, retaliatory headbutt
a: Renounce Religion, Berserk, Trog's Hand, Brothers in Arms


You were on level 10 of the Dungeon.
You worshipped Trog.
Trog was greatly pleased with you.
You visited 2 branches of the dungeon, and saw 12 of its levels.
You also visited: Ossuary.

You collected 509 gold pieces.

Inventory:

Hand Weapons
 a - a +3 hand axe
 p - a +1 mace of draining
 q - a +5 flail of protection (weapon)
Armour
 e - a +1 pair of gloves (worn)
 o - a +0 chain mail (worn)
 z - a +0 pair of gloves
Jewellery
 i - a +6 ring of intelligence (left hand)
 y - a ring of protection from fire (right hand)
 A - an amulet of regeneration (around neck)
 H - an amulet of guardian spirit
Wands
 d - a wand of charming (10)
 s - a wand of flame (6)
Scrolls
 b - 2 scrolls of brand weapon
 g - 3 scrolls of fog
 j - a scroll of fear
 l - 3 scrolls of teleportation
 n - a scroll of poison
 r - 4 scrolls of revelation
 v - a scroll of enchant weapon
 w - a scroll of identify
 E - a scroll of immolation
Potions
 c - 3 potions of lignification
 f - 7 potions of might
 h - 3 potions of curing
 k - 2 potions of brilliance
 m - 3 potions of enlightenment
 t - a potion of attraction
 u - a potion of ambrosia {unknown}
 x - 3 potions of haste
 B - 2 potions of mutation
 G - 3 potions of invisibility


   Skills:
 + Level 9.1 Fighting
 + Level 6.9(10.4) Axes
 + Level 12.0(12.7) Maces & Flails
 + Level 10.2 Armour
 + Level 5.0 Dodging
 - Level 0.8 Stealth
 + Level 0.1 Evocations


You had 9 spell levels left.
You didn't know any spells.
Your spell library was empty.

Dungeon Overview and Level Annotations

Branches:
Dungeon (11/15)            Temple (0/1) D:7            Lair (1/5) D:8
Ossuary (visited)
    Orc: D:9-12

Altars:
Ashenzari
Dithmenos
Fedhas
Hepliaklqana
Kikubaaqudgha
Okawaru
Sif Muna
Trog
Vehumet
The Shining One

Shops:
D:8 :

Portals:
Bailey: D:7

Annotations:
Lair:1 Amaemon


Innate Abilities, Weirdness & Mutations

You have a pair of horns on your head.
You reflexively headbutt those who attack you in melee.


Message History

The skeletal warrior is lightly damaged.
There are monsters nearby!
The skeletal warrior attacks as it pursues you!
The skeletal warrior hits you from afar with a +0 halberd.
The skeletal warrior hits you with a +0 dire flail!
The skeletal warrior hits you from afar with a +0 halberd!!
Trog will no longer gift you weapons.
You closely miss the skeletal warrior.
Your headbutt misses the skeletal warrior.
The skeletal warrior hits you with a +0 dire flail!
The skeletal warrior hits you from afar with a +0 halberd.
You hit the skeletal warrior but do no damage.
Your weapon exudes an aura of protection.
The skeletal warrior barely misses you.
The skeletal warrior closely misses you.
You closely miss the skeletal warrior. You headbutt the skeletal warrior!
The skeletal warrior is lightly damaged.
The skeletal warrior hits you but does no damage.
The skeletal warrior hits you from afar with a +0 halberd!
There is an open door here.
There is a stone staircase leading up here.
The skeletal warrior hits you with a +0 dire flail.
The skeletal warrior barely misses you.
You climb upwards.
There is a stone staircase leading down here.
You barely miss the skeletal warrior.
You headbutt the skeletal warrior, but do no damage.
The skeletal warrior is lightly damaged.
You closely miss the skeletal warrior.
You headbutt the skeletal warrior, but do no damage.
The skeletal warrior is lightly damaged.
The skeletal warrior hits you with a +0 dire flail!!
* * * LOW HITPOINT WARNING * * *
You feel much better.
The skeletal warrior hits you with a +0 dire flail!
* * * LOW HITPOINT WARNING * * *
You barely miss the skeletal warrior.
The skeletal warrior is lightly damaged.
The skeletal warrior hits you with a +0 dire flail!!
You die...

################## #
.................# #
.................# #
................@# #
...............z.# #
....†............################
....†..........................^.
##########..#####################
#..# # #..# # #..# # #..# #


You could see a skeletal warrior.

Vanquished Creatures
  Pikel (D:8)
  Psyche (D:8)
  An unseen horror (D:10)
  A komodo dragon (D:8)
  A troll (D:9)
  A hornet (D:9)
  Grinder (D:4)
  A shadow (D:10)
  A vampire (D:9)
  2 wyverns
  2 wraiths (D:10)
  A steam dragon (D:8)
  2 vampire mosquitoes (D:10)
  2 water moccasins
  Edmund (D:6)
  A sky beast (D:5)
  2 black bears
  2 ogres
  2 centaurs
  4 kobold brigands
  3 scorpions
  7 wights
  4 killer bees (D:9)
  6 howler monkeys
  A centaur zombie (Ossuary)
  A human zombie (Ossuary)
  2 jellies
  3 orc priests
  3 hounds
  6 iguanas
  8 orc wizards
  5 mummies (Ossuary)
  A gnoll (D:7)
  12 adders
  3 shadow imps
  2 white imps
  7 ufetubi
  2 worms
  4 dart slugs
  38 orcs
  3 endoplasms
  3 giant cockroaches
  2 gnoll zombies (Ossuary)
  9 goblins
  5 hobgoblins
  24 kobolds
  2 quokkas
  4 ball pythons
  3 bats
  4 frilled lizards
  A hobgoblin zombie (Ossuary)
  2 kobold zombies (Ossuary)
  An orc zombie (Ossuary)
  6 rats
217 creatures vanquished.

Vanquished Creatures (others)
  An arcanist (D:9)
  An orc wizard (D:7)
  A kobold (D:9)
3 creatures vanquished.

Grand Total: 220 creatures vanquished

Notes
Turn   | Place    | Note
-------+----------+-------------------------------------------
     0 | D:1      | skwerlee the Minotaur Berserker began the quest for the
                  | Orb.
     0 | D:1      | Reached XP level 1. HP: 19/19 MP: 0/0
    65 | D:1      | Found a faded altar of an unknown god.
   429 | D:1      | Reached XP level 2. HP: 27/27 MP: 1/1
  1013 | D:2      | Reached XP level 3. HP: 27/33 MP: 2/2
  1094 | D:2      | Reached ** piety under Trog
  1856 | D:3      | Reached XP level 4. HP: 41/41 MP: 3/3
  1914 | D:3      | Noticed a black bear
  1923 | D:3      | Killed a black bear
  1924 | D:3      | Reached skill level 5 in Axes
  1924 | D:3      | Reached XP level 5. HP: 36/47 MP: 4/4
  2662 | D:4      | Found an iron altar of Okawaru.
  2864 | D:4      | Reached XP level 6. HP: 52/55 MP: 5/5
  3194 | D:4      | Noticed Grinder
  3205 | D:4      | Killed Grinder
  3206 | D:4      | Reached skill level 5 in Fighting
  3206 | D:4      | Reached skill level 1 in Maces & Flails
  3434 | D:5      | Entered Level 5 of the Dungeon
  3441 | D:5      | Reached XP level 7. HP: 44/61 MP: 6/6
  3449 | D:4      | Reached *** piety under Trog
  3531 | D:5      | Reached skill level 2 in Maces & Flails
  3635 | D:5      | Reached skill level 5 in Armour
  3657 | D:5      | Found a glowing golden altar of the Shining One.
  3665 | D:5      | Identified the +1 robe of Henotheism {rF+}
  3694 | D:5      | Reached skill level 3 in Maces & Flails
  3799 | D:5      | Reached skill level 4 in Maces & Flails
  4083 | D:5      | Reached XP level 8. HP: 8/70 MP: 7/7
  4919 | D:6      | Reached skill level 5 in Maces & Flails
  5185 | D:6      | Noticed Edmund
  5196 | D:6      | Killed Edmund
  5528 | D:6      | Found a blossoming altar of Fedhas.
  5530 | D:6      | Found a broken altar of Ashenzari.
  5536 | D:6      | Found a shadowy altar of Dithmenos.
  5662 | D:6      | Reached skill level 6 in Maces & Flails
  5993 | D:7      | Reached skill level 7 in Maces & Flails
  5998 | D:7      | Reached **** piety under Trog
  6177 | D:7      | Reached XP level 9. HP: 79/79 MP: 8/8
  6180 | D:7      | Found a hazy altar of Hepliaklqana.
  6272 | D:7      | Found a staircase to the Ecumenical Temple.
  6395 | D:7      | Found a flagged portal.
  6511 | D:7      | Reached skill level 8 in Maces & Flails
  6657 | D:8      | Identified the "Vyniroloi"
  6816 | D:8      | Found a sand-covered staircase.
  6832 | Ossuary  | Entered an ossuary
  7105 | D:8      | Noticed Psyche
  7111 | D:8      | Killed Psyche
  7112 | D:8      | Reached skill level 9 in Maces & Flails
  7206 | D:8      | Found Mocroll's Book Shoppe.
  7231 | D:8      | Found a staircase to the Lair.
  7231 | D:8      | Noticed a komodo dragon
  7241 | D:8      | Killed a komodo dragon
  7242 | D:8      | Reached skill level 10 in Maces & Flails
  7380 | D:8      | Found an ancient bone altar of Kikubaaqudgha.
  7380 | D:8      | Found a shimmering blue altar of Sif Muna.
  7382 | D:8      | Found a radiant altar of Vehumet.
  7596 | D:8      | Noticed Pikel
  7606 | D:8      | Killed Pikel
  7607 | D:8      | Reached XP level 10. HP: 76/88 MP: 9/9
  7970 | D:9      | Reached skill level 11 in Maces & Flails
  8127 | D:9      | Found a bloodstained altar of Trog.
  8129 | D:9      | Noticed an arcanist
  8133 | D:9      | Killed an arcanist
  8426 | D:9      | Paralysed by a hornet for 1 turns
  8896 | Lair:1   | Entered Level 1 of the Lair of Beasts
  8896 | Lair:1   | Noticed Amaemon
  8947 | D:10     | Entered Level 10 of the Dungeon
  9015 | D:10     | Reached ***** piety under Trog
  9364 | D:10     | Reached skill level 10 in Armour
  9364 | D:10     | Reached skill level 5 in Dodging
  9535 | D:10     | Reached skill level 12 in Maces & Flails
  9669 | D:11     | Noticed a skeletal warrior
  9669 | D:11     | Noticed a skeletal warrior
  9670 | D:11     | Noticed a skeletal warrior
  9670 | D:11     | Noticed a skeletal warrior
  9689 | D:10     | HP: 2/91 [skeletal warrior/+0 dire flail (30)]
  9691 | D:10     | Slain by a skeletal warrior

Illustrated notes

Levels and vault maps discovered:
D:1:      scummos_arrival_simple_crosswalls, layout_basic,
          hellmonk_ecumenical_altar_zigzags
D:2:      layout_basic, serial_bayou_pond_c
D:3:      layout_basic
D:4:      layout_basic, mainiacjoe_overflow_chevrons, uniq_grinder
D:5:      layout_cave_pods, mainiacjoe_overflow_paths, corexii_checkpoint_b
D:6:      layout_loops_cross, chequers_temple_overflow_statue_of_worship,
          minmay_pentangle, uniq_edmund
D:7:      layout_loops_ring, mainiacjoe_overflow_surrounded_room,
          minmay_temple_entry_antechambers, serial_glass, glass_columns_a,
          glass_columns_a, enter_bailey_7
D:8:      layout_basic, grunt_temple_overflow_magic_moments,
          david_lair_shrubbed, serial_shops, nicolae_shop_waterfront,
          nicolae_ossuary_entry_ruins, uniq_psyche, uniq_pikel
D:9:      layout_cave_pods, trog_wizard, chequers_serial_rivers_micro_a
D:10:     layout_long_grid
D:11:     layout_roguey, zombieorc1_lemuel, nicolae_sextant, uniq_snorg
Lair:1:   layout_roguey, uniq_fannar, uniq_amaemon

Skill      XL: |  1  2  3  4  5  6  7  8  9 10 |
---------------+-------------------------------+-----
Axes           | 4 5 6 |  6.9
Fighting       | 4 5 7 8 9 |  9.1
Armour         | 3 4 5 7 8 10 | 10.2
Dodging        | 3 4 5 |  5.0
Maces & Flails | 1 4 7 10 12 | 12.0
Stealth        | |  0.8
Evocations     | |  0.1

Action                     |  1- 3 |  4- 6 |  7- 9 | 10-12 || total
---------------------------+-------+-------+-------+-------++-------
  Melee: Hand axe          |    99 |    43 |       |       ||   142
         Headbutt          |    13 |    13 |    57 |    20 ||   103
         Punch             |     1 |     1 |     3 |     1 ||     6
         Mace              |       |    39 |   106 |       ||   145
         Flail             |       |       |   195 |   138 ||   333
  Evoke: Wand              |       |       |       |     2 ||     2
    Use: Scroll            |       |     2 |     7 |    13 ||    22
         Potion            |       |     4 |     2 |     4 ||    10
   Stab: Sleeping          |     1 |       |       |       ||     1
 Armour: Animal skin       |    33 |       |       |       ||    33
         Scale mail        |    19 |       |       |       ||    19
         Chain mail        |       |    71 |   239 |   210 ||   520
  Dodge: Dodged            |    55 |    46 |   159 |    92 ||   352

Table legend: (Time is in decaauts)
 A = Elapsed time spent in this place.
 B = Non-inter-level travel time spent in this place.
 C = Inter-level travel time spent in this place.
 D = Time resting spent in this place.
 E = Time spent auto-exploring this place.
 F = Levels seen in this place.
 G = Mean time per level.
                   A        B        C        D        E       F      G
               +--------+--------+--------+--------+--------+-----+--------+
         Total |   9707 |   9238 |    469 |   1560 |   6199 |  13 |  746.7 |
       Dungeon |   9493 |   9025 |    468 |   1560 |   6133 |  11 |  863.0 |
          Lair |      1 |      1 |      0 |      0 |      0 |   1 |    1.0 |
       Ossuary |    212 |    212 |      0 |      0 |     66 |   1 |  212.0 |
               +--------+--------+--------+--------+--------+-----+--------+

Top non-repeatable levels by time:
     D:5: 1330 daAuts
     D:8: 1094 daAuts
     D:6: 1022 daAuts
     D:9: 1010 daAuts
     D:3: 924 daAuts
     D:4: 906 daAuts
     D:2: 857 daAuts
     D:1: 854 daAuts
     D:7: 793 daAuts
    D:10: 675 daAuts
 Ossuary: 212 daAuts
    D:11: 23 daAuts
  Lair:1: 1 daAuts
